 Dungeon Crawl Stone Soup version 0.23.0 (webtiles) character file.

Game seed: 15109145794216026667

1614 Laan the Chopper (level 9, -3/69 HPs)
             Began as a Formicid Fighter on Feb 10, 2019.
             Was an Initiate of the Shining One.
             Impaled on a porcupine's spines (15 damage)
             ... on level 8 of the Dungeon.
             The game lasted 00:09:06 (7015 turns).

Laan the Chopper (Formicid Fighter)                 Turns: 7015, Time: 00:09:07

Health: -3/69      AC:  7    Str: 25    XL:     9   Next: 16%
Magic:  9/9        EV:  6    Int:  7    God:    the Shining One [......]
Gold:   262        SH: 11    Dex: 10    Spells: 8/8 levels left

rFire    . . .     SeeInvis +   a - +0 war axe
rCold    . . .     Gourm    .   c - +0 shield
rNeg     . . .     Faith    .   g - +0 plate armour
rPois    .         Spirit   .   (helmet unavailable)
rElec    .         Reflect  .   (no cloak)
rCorr    .         Harm     .   (no gloves)
MR       +....                  (no boots)
Stlth    ..........             (no amulet)
HPRegen  0.21/turn              (no ring)
MPRegen  0.11/turn              (no ring)

@: glowing
A: permanent stasis, dig shafts and tunnels, four strong arms, antennae 3,
deformed body, magic resistance 1
a: Dig, Shaft Self, Renounce Religion


You were on level 8 of the Dungeon.
You worshipped the Shining One.
The Shining One was noncommittal.
You were not hungry.

You visited 2 branches of the dungeon, and saw 9 of its levels.

You collected 392 gold pieces.
You spent 130 gold pieces at shops.

Inventory:

Hand Weapons
 a - a +0 war axe (weapon)
Armour
 c - a +0 shield (worn)
 g - a +0 plate armour (worn)
 l - a +3 scale mail
Wands
 q - a wand of enslavement (19)
 t - a wand of polymorph (4)
 v - a wand of acid (10)
 A - a wand of flame (25)
 C - a wand of random effects (17)
Scrolls
 b - a scroll of random uselessness {unknown}
 e - 2 scrolls of enchant armour {unknown}
 h - 14 scrolls of identify
 k - 5 scrolls of teleportation {unknown}
 m - 3 scrolls of remove curse
 o - 2 scrolls of immolation {unknown}
 r - 3 scrolls of blinking {unknown}
 u - a scroll of fear {unknown}
 w - 4 scrolls of amnesia {unknown}
 y - a scroll of fog {unknown}
 z - a scroll of silence {unknown}
Potions
 d - 2 potions of might
 i - 2 potions of resistance {unknown}
 j - 5 potions of heal wounds
 n - a potion of magic {unknown}
 p - 3 potions of flight {unknown}
 s - 2 potions of agility {unknown}
 x - 3 potions of curing
 B - a potion of invisibility {unknown}
Comestibles
 f - 10 rations
 D - 3 chunks of flesh


   Skills:
 + Level 6.2 Fighting
 * Level 7.2 Axes
 + Level 6.2 Armour
 + Level 6.8 Shields


You had 8 spell levels left.
You didn't know any spells.
Your spell library contained the following spells:

 Spells                   Type           Power        Failure   Level  Hunger
 Magic Dart               Conj           #...         100%        1    ##.....


Dungeon Overview and Level Annotations

Branches:
Dungeon (8/15)             Temple (1/1) D:7
   Lair: D:8-11

Altars:
Ashenzari
Cheibriados
Elyvilon
Fedhas
Kikubaaqudgha
Makhleb
Nemelex Xobeh
Qazlal
Sif Muna
Trog
Uskayaw
Vehumet
Xom
Yredelemnul
The Shining One
Jiyva

Shops:
D:7 [%*%


Innate Abilities, Weirdness & Mutations

You cannot be hasted, slowed, berserked, paralysed or teleported.
You can dig through walls and to a lower floor.
Your four strong arms can wield two-handed weapons with a shield.
You have a pair of large antennae on your head. (SInv)
Armour fits poorly on your strangely shaped body.
You are resistant to hostile enchantments. (MR+)


Message History

You are struck by the porcupine's spines.
You closely miss the porcupine.
The porcupine twitches its whiskers.
The porcupine bites you but does no damage.
You are too injured to fight recklessly!
You are too injured to fight recklessly!
You are too injured to fight recklessly!
You are too injured to fight recklessly!
Your plate armour prevents you from hitting the porcupine.
You block the porcupine's attack. The porcupine bites you.
You are struck by the porcupine's spines.
* * * LOW HITPOINT WARNING * * *
You slash the porcupine!
The porcupine is almost dead.
The porcupine bites you but does no damage.
You closely miss the porcupine.
The porcupine is almost dead.
You block the porcupine's attack.
You are struck by the porcupine's spines.
You die...

...PP.P#
.....P#{ .
#...P.####..
#..P.P...P.P
#..PPP..).P.
#.......P...
#....rP.P.P.
#..†@.P..P.#
#<.......#.#
#..........#
#...........
#...........
#...........
#...........
############


You could see a porcupine.

Vanquished Creatures
  Grinder (D:6)
  A spriggan (D:7)
  Eustachio (D:6)
  A porcupine (D:8)
  A phantom (D:4)
  2 ogres
  2 crimson imps
  3 jellies
  A bullfrog skeleton (D:6)
  Natasha (thrice) (D:3)
  7 worker ants
  4 orc wizards
  A hound zombie (D:7)
  9 adders
  An adder skeleton (D:5)
  7 worms
  4 dart slugs
  3 leopard geckos (D:3)
  11 orcs
  12 bats
  3 giant cockroaches
  9 goblins
  11 hobgoblins
  8 jackals
  6 quokkas
  A ball python (D:2)
  7 frilled lizards
  13 kobolds
  A leopard gecko zombie (D:7)
  2 quokka skeletons
  13 rats
149 creatures vanquished.

Notes
Turn   | Place    | Note
-------+----------+-------------------------------------------
     0 | D:1      | Laan the Formicid Fighter began the quest for the Orb.
     0 | D:1      | Reached XP level 1. HP: 18/18 MP: 1/1
   260 | D:1      | Reached XP level 2. HP: 24/24 MP: 2/2
   463 | D:1      | Reached XP level 3. HP: 29/29 MP: 3/3
  1226 | D:2      | Reached XP level 4. HP: 33/37 MP: 4/4
  1247 | D:2      | Reached skill level 3 in Axes
  1250 | D:2      | Gained mutation: Armour fits poorly on your strangely
                  | shaped body. [potion of mutation]
  1250 | D:2      | Gained mutation: You are resistant to hostile enchantments.
                  | (MR+) [potion of mutation]
  2072 | D:2      | Reached XP level 5. HP: 42/42 MP: 5/5
  2258 | D:2      | Found an ancient bone altar of Kikubaaqudgha.
  2266 | D:2      | Found a deep blue altar of Sif Muna.
  2268 | D:2      | Found a radiant altar of Vehumet.
  2272 | D:2      | Identified Vehumet's Almanac of Conjuration
  2643 | D:3      | Reached XP level 6. HP: 13/48 MP: 6/6
  2884 | D:3      | Noticed Natasha
  2894 | D:3      | Killed Natasha
  2894 | D:3      | Reached skill level 4 in Axes
  3263 | D:3      | Noticed Natasha
  3277 | D:3      | Killed Natasha
  3464 | D:3      | Noticed Natasha
  3470 | D:3      | Killed Natasha
  3484 | D:3      | Found a faded altar of an unknown god.
  3547 | D:4      | Noticed a phantom
  3577 | D:4      | Killed a phantom
  3577 | D:4      | Reached skill level 5 in Shields
  3577 | D:4      | Reached XP level 7. HP: 32/55 MP: 7/7
  4057 | D:4      | Reached skill level 5 in Axes
  4426 | D:5      | Entered Level 5 of the Dungeon
  4443 | D:5      | Reached skill level 5 in Fighting
  4454 | D:5      | Reached skill level 5 in Armour
  4694 | D:5      | Reached XP level 8. HP: 41/62 MP: 8/8
  5435 | D:6      | Noticed Eustachio
  5444 | D:6      | Killed Eustachio
  5780 | D:6      | Found a basalt altar of Yredelemnul.
  5788 | D:6      | Reached skill level 6 in Axes
  5950 | D:6      | Noticed Grinder
  5967 | D:6      | Killed Grinder
  6274 | D:7      | Found a staircase to the Ecumenical Temple.
  6281 | Temple   | Entered the Ecumenical Temple
  6526 | D:7      | Found Zyotut's Food Shoppe.
  6559 | D:7      | Found Duhufenu's General Store.
  6575 | D:7      | Bought a scroll of identify for 26 gold pieces
  6575 | D:7      | Bought a scroll of remove curse for 39 gold pieces
  6575 | D:7      | Bought a potion of heal wounds for 65 gold pieces
  6653 | D:7      | Found Dueshi Bais's Antique Armour Shoppe.
  6698 | D:7      | Noticed a spriggan baker
  6706 | D:7      | Killed a spriggan baker
  6706 | D:7      | Reached skill level 7 in Axes
  6706 | D:7      | Reached XP level 9. HP: 50/69 MP: 9/9
  6840 | D:7      | Found Rakk's Food Shop.
  6890 | D:7      | Found a glowing golden altar of the Shining One.
  6890 | D:7      | Found a hide-covered altar of Uskayaw.
  6896 | D:7      | Became a worshipper of the Shining One
  7015 | D:8      | Impaled on a porcupine's spines

Skill      XL: |  1  2  3  4  5  6  7  8 |
---------------+-------------------------+-----
Shields        | 4 5 6 |  6.8
Axes           | 3 4 5 7 |  7.2
Fighting       | 4 5 6 |  6.2
Armour         | 4 5 6 |  6.2

Action                   |  1- 3 |  4- 6 |  7- 9 || total
-------------------------+-------+-------+-------++-------
Melee: War axe           |   105 |   234 |   229 ||   568
Evoke: Wand              |       |       |     5 ||     5
  Use: Potion            |       |     2 |     3 ||     5
  Eat: Chunk             |       |     9 |     8 ||    17
       Ration            |       |       |     1 ||     1
Armor: Scale mail        |    40 |    23 |       ||    63
       Plate armour      |       |    92 |    78 ||   170
Dodge: Dodged            |    31 |    62 |    39 ||   132
Block: Shield            |    62 |   115 |   124 ||   301
